 Dungeon Crawl Stone Soup version 0.30.0-29-ga12c61a403 (webtiles) character file.

Game seed: 4996491351972109837

102 Fodor the Trooper (level 4, -7/41 HPs)
             Began as a Minotaur Fighter on June 9, 2023.
             Killed by divine providence
             ... invoked by an orc priest
              (9 damage)
             ... on level 4 of the Dungeon on June 10, 2023.
             The game lasted 00:16:46 (2114 turns).

Fodor the Trooper (Minotaur Fighter)                Turns: 2114, Time: 00:16:47

Health: -7/41      AC:  7    Str: 21    XL:     4   Next: 50%
Magic:  3/3        EV:  9    Int:  5    God:
Gold:   195        SH:  4    Dex: 11    Spells: 3/3 levels left

rFire   . . .        h - +2 dagger (drain)
rCold   . . .        c - +0 buckler
rNeg    + . .        b - +0 scale mail
rPois   .            (helmet restricted)
rElec   .            (no cloak)
rCorr   .            (no gloves)
SInv    .            (no boots)
Will    .....        (no amulet) Stlth
                     v - ring of positive energy
HPRegen 0.26/turn    (no ring)
MPRegen 0.08/turn

%: no passive effects
@: no status effects
A: horns 2, retaliatory headbutt
a: no special abilities


You were on level 4 of the Dungeon.
You visited 1 branch of the dungeon, and saw 4 of its levels.

You collected 195 gold pieces.

Inventory:

Hand Weapons
 a - a +0 long sword
 h - a +2 dagger of draining (weapon)
Missiles
 f - 39 stones
 r - 7 boomerangs (quivered)
Armour
 b - a +0 scale mail (worn)
 c - a +0 buckler (worn)
Magical Staves
 q - a staff of fire
Jewellery
 p - an amulet of magic regeneration
 v - a ring of positive energy (left hand)
Wands
 w - a wand of paralysis (3)
Scrolls
 e - 2 scrolls of teleportation
 g - a scroll of immolation {unknown}
 i - 2 scrolls of fear {unknown}
 j - 3 scrolls of amnesia {unknown}
 k - 2 scrolls of silence {unknown}
 l - a scroll of enchant weapon {unknown}
 n - a scroll of summoning {unknown}
 u - a scroll of identify {unknown}
 x - a scroll of fog {unknown}
Potions
 d - a potion of might
 m - a potion of degeneration {unknown}
 o - a potion of resistance {unknown}
 s - a potion of mutation {unknown}
 t - a potion of heal wounds {unknown}
 z - a potion of flight {unknown}
 A - a potion of curing {unknown}


   Skills:
 + Level 4.8 Fighting
 + Level 0.9(1.8) Short Blades
 + Level 2.7(2.8) Long Blades
 + Level 0.1 Throwing
 + Level 4.5 Armour
 + Level 0.6 Dodging
 + Level 0.1 Stealth
 + Level 4.1 Shields


You had 3 spell levels left.
You didn't know any spells.
Your spell library contained the following spells:

 Spells                   Type           Power      Damage    Failure   Level
 Poisonous Vapours        Pois/Air       0%         N/A       95%         2
 Hailstorm                Conj/Ice       0%         3d3       99%         3
 Mephitic Cloud           Conj/Pois/Air  0%         N/A       99%         3
 Ice Form                 Ice/Tmut       0%         N/A       100%        4
 Freezing Cloud           Conj/Ice/Air   0%         6-21      100%        5
 Simulacrum               Ice/Necr       0%         N/A       100%        6


Dungeon Overview and Level Annotations

Branches:
Dungeon (4/15)
 Temple: D:4-7

Altars:
Cheibriados


Innate Abilities, Weirdness & Mutations

You have a pair of horns on your head.
You reflexively headbutt those who attack you in melee.


Message History

Deactivating autopickup; reactivate with Ctrl-A.
A gnoll comes into view. It is wielding a +0 spear.
Throw: 7 boomerangs
Press: ? - help, Q - select action, (/) - cycle Shift-Dir - straight line, f/p - orc
Aim: an orc, wielding a +0 hand axe and quivering boomerangs (57% to hit)
You throw a boomerang. The boomerang hits the orc.
The orc is severely wounded.
Throw: 7 boomerangs
Press: ? - help, Q - select action, (/) - cycle Shift-Dir - straight line, f/p - orc
Aim: an orc, wielding a +0 hand axe and quivering boomerangs (severely wounded, 57% to hit)
You throw a boomerang.
The boomerang hits the orc but does no damage.
The orc is severely wounded.
A gnoll comes into view. It is wielding a +0 club.
A gnoll comes into view. It is wielding a +0 flail.
The orc priest calls upon Beogh to heal the orc.
The orc's wounds heal themselves!
The gnoll shouts!
The orc priest mumbles some strange prayers to Beogh against you.
Beogh smites you! The bullfrog hits you. The bullfrog attacks as you move away!
The bullfrog hits you! The bullfrog hits you.
* * * LOW HITPOINT WARNING * * *
The bullfrog hits you.
* * * LOW HITPOINT WARNING * * *
The bullfrog hits you.
* * * LOW HITPOINT WARNING * * *
The bullfrog attacks as you move away! The bullfrog closely misses you.
The bullfrog snags a nearby millipede with its tongue.
The bullfrog hits you.
* * * LOW HITPOINT WARNING * * *
The bullfrog attacks as you move away! The bullfrog hits you.
* * * LOW HITPOINT WARNING * * *
The bullfrog barely misses you. You furiously retaliate!
You headbutt the bullfrog. The bullfrog attacks as you move away!
The bullfrog hits you but does no damage.
The orc priest mumbles some strange prayers to Beogh against you.
Beogh smites you!
You die...

#...........
#...........
#..........#
##..........#
##...........#
##..##......#..
##.#####....##..
###.## ##### ##.
##@.## ##F.##
##o.## ## ##..##
#.#####{.##
#...o.###
#...go###
#....g..##
##........##


You could see a bullfrog, an orc priest, a gnoll and 2 orcs.

Vanquished Creatures
  3 adders
  A worm (D:2)
  2 dart slugs (D:1)
  2 orcs (D:4)
  6 bats
  3 endoplasms
  2 giant cockroaches
  7 goblins
  5 hobgoblins
  2 jackals (D:3)
  4 quokkas
  7 ball pythons
  5 frilled lizards
  8 kobolds
  7 rats
64 creatures vanquished.

Notes
Turn   | Place    | Note
-------+----------+-------------------------------------------
     0 | D:1      | Fodor the Minotaur Fighter began the quest for the Orb.
     0 | D:1      | Reached XP level 1. HP: 19/19 MP: 0/0
   282 | D:1      | Reached XP level 2. HP: 27/27 MP: 1/1
   361 | D:1      | Found a faded altar of an unknown god.
   541 | D:1      | Reached XP level 3. HP: 32/33 MP: 2/2
   969 | D:2      | Found a snail-covered altar of Cheibriados.
  1257 | D:2      | Reached XP level 4. HP: 41/41 MP: 3/3
  2100 | D:4      | Noticed a bullfrog
  2111 | D:4      | HP: 1/41 [bullfrog (3)]
  2114 | D:4      | Killed from afar by an orc priest

Illustrated notes

Levels and vault maps discovered:
D:1:      psy_arrival_basics, layout_basic, dreamdust_ecumenical_altar_grove
D:2:      layout_loops_cross, basic_altar
D:3:      layout_rooms, kennysheep_big_empty_room, serial_bayou_crossing
D:4:      layout_cave_pods, pdpol_wu_jian_five_deadly_venoms,
          supply_closet_lemuel, uniq_sigmund

Skill      XL: |  1  2  3  4 |
---------------+-------------+-----
Armour         | 4 |  4.5
Fighting       | 4 |  4.8
Shields        | 4 |  4.1
Short Blades   | |  0.9
Long Blades    | |  2.7
Throwing       | |  0.1
Dodging        | |  0.6
Stealth        | |  0.1

Action                     |  1- 3 |  4- 6 || total
---------------------------+-------+-------++-------
  Melee: Dagger            |    95 |    44 ||   139
         Long sword        |     3 |       ||     3
         Headbutt          |    11 |     5 ||    16
  Throw: Stone             |     5 |       ||     5
         Boomerang         |       |    10 ||    10
    Use: Scroll            |       |     1 ||     1
 Armour: Scale mail        |    57 |    25 ||    82
  Dodge: Dodged            |    59 |    19 ||    78
  Block: Buckler           |    30 |    15 ||    45
